 Dungeon Crawl Stone Soup version 0.30-a0-1160-g6e42c06551 (webtiles) character file.

Game seed: 8489437277837061242

112 Lavandula the Cutter (level 4, -1/14 (30) HPs)
             Began as a Mummy Wanderer on Apr 25, 2023.
             Slain by a worm (9 damage)
             ... on level 4 of the Dungeon.
             The game lasted 00:03:24 (2871 turns).

Lavandula the Cutter (Mummy Wanderer)               Turns: 2871, Time: 00:03:25

HP:   -1/14 (30)    AC:  2    Str: 11    XL:     4   Next: 63%
MP:   3/6           EV: 11    Int: 14    God:
Gold: 154           SH:  4    Dex: 14    Spells: 2/5 levels left

rFire   x . .        a - +2 dagger
rCold   + . .        c - +0 buckler
rNeg    + + +        d - +0 robe
rPois   ∞            (no helmet)
rElec   .            (no cloak)
rCorr   .            (no gloves)
SInv    .            (no boots)
Will    .....        e - amulet of magic regeneration
Stlth   ++           l - ring of wizardry
HPRegen 0.22/turn    (no ring)
MPRegen 0.50/turn

%: faith, wizardry (x1)
@: very slightly contaminated, extremely drained
A: cold resistance 1, negative energy resistance 3, torment resistance 2, heat
vulnerability 1, in touch with death 1, no potions, faith
a: no special abilities


You were on level 4 of the Dungeon.
You visited 1 branch of the dungeon, and saw 4 of its levels.

You collected 154 gold pieces.

Inventory:

Hand Weapons
 a - a +2 dagger (weapon)
Missiles
 j - 3 poisoned darts
Armour
 c - a +0 buckler (worn)
 d - a +0 robe (worn)
Jewellery
 e - an amulet of magic regeneration (around neck)
 l - a ring of wizardry (left hand)
Wands
 i - a wand of mindburst (16)
Scrolls
 b - 2 scrolls of blinking
 f - 5 scrolls of identify {unknown}
 g - 2 scrolls of fear {unknown}
 h - a scroll of torment {unknown}
 k - a scroll of poison {unknown}
 m - 3 scrolls of teleportation {unknown}
 n - a scroll of acquirement {unknown}


   Skills:
 + Level 3.4 Short Blades
 - Level 1.0 Dodging
 - Level 3.2 Stealth
 - Level 1.0 Shields
 - Level 1.3 Spellcasting
 - Level 1.4 Necromancy
 - Level 1.0 Invocations
 - Level 1.0 Evocations


You had 2 spell levels left.
You knew the following spells:

 Your Spells              Type           Power      Damage    Failure   Level
a - Kiss of Death         Conj/Necr      16%        2d6       12%         1
b - Necrotise             Necr           28%        1d5       9%          1
c - Summon Small Mammal   Summ           0%         N/A       16%         1

Your spell library contained the following spells:

 Spells                   Type           Power      Damage    Failure   Level
 Apportation              Tloc           0%         N/A       16%         1
 Vampiric Draining        Necr           7%         2d6       26%         3


Dungeon Overview and Level Annotations

Branches:
Dungeon (4/15)
 Temple: D:4-7

Altars:


Innate Abilities, Weirdness & Mutations

You are immune to poison.
Your flesh is cold resistant. (rC+)
You are immune to negative energy. (rN+++)
You are immune to unholy pain and torment.
You are vulnerable to heat. (rF-)
You are in touch with the powers of death.
You do not drink.
You have a special connection with the divine. (Faith)


Message History

Casting: Necrotise (safe; 9% risk of failure)
Confirm with . or Enter, or press ? or * to list all spells.
Aiming: Necrotise (safe; 9% risk of failure)
Press: ? - help, Shift-Dir - straight line, f/p - worm
Aim: a worm (moderately wounded, chance to affect: 64%)
You feel a surge of power!
The worm writhes in agony.
The worm misses you.
You hit the worm.
The worm is heavily wounded.
You hit the worm.
The worm is severely wounded.
You hit the worm.
The worm is severely wounded.
The worm bites you.
Casting: Necrotise (safe; 9% risk of failure)
Confirm with . or Enter, or press ? or * to list all spells.
Aiming: Necrotise (safe; 9% risk of failure)
Press: ? - help, Shift-Dir - straight line, f/p - worm
Aim: a worm (severely wounded, chance to affect: 64%)
You feel a surge of power!
You miscast Necrotise.
You are very lightly contaminated with residual magic.
Nothing appears to happen.
The endoplasm hits you. The worm barely misses you.
Unknown command.
Casting: Necrotise (safe; 9% risk of failure)
Confirm with . or Enter, or press ? or * to list all spells.
Aiming: Necrotise (safe; 9% risk of failure)
Press: ? - help, Shift-Dir - straight line, f/p - worm
Aim: a worm (severely wounded, chance to affect: 64%)
You feel a surge of power!
The worm struggles to resist.
The endoplasm freezes you.
You are frozen.
You resist.
Unknown command.
Casting: Necrotise (safe; 9% risk of failure)
Confirm with . or Enter, or press ? or * to list all spells.
Aiming: Necrotise (safe; 9% risk of failure)
Press: ? - help, Shift-Dir - straight line, f/p - worm
Aim: a worm (severely wounded, chance to affect: 64%)
You feel a surge of power!
The worm struggles to resist.
The endoplasm misses you. The worm bites you!
Ouch! That really hurt!
You die...

# . #.
##.##
.##....
......J##
#..@#
##w## #..
....
#...#
##.. #..
...


You could see a worm and an endoplasm.

Vanquished Creatures
  4 gnolls (D:3)
  4 adders
  A dart slug (D:2)
  An orc (D:3)
  3 endoplasms
  2 giant cockroaches
  2 goblins (D:1)
  3 hobgoblins
  2 jackals (D:3)
  2 kobolds
  A quokka (D:2)
  4 ball pythons
  4 bats
  4 rats
37 creatures vanquished.

Vanquished Creatures (collateral kills)
  A frilled lizard (D:3)
1 creature vanquished.

Grand Total: 38 creatures vanquished

Notes
Turn   | Place    | Note
-------+----------+-------------------------------------------
     0 | D:1      | Lavandula the Mummy Wanderer began the quest for the Orb.
     0 | D:1      | Lavandula set off with the following items: a +2 dagger, 2
                  | scrolls of blinking, a +0 buckler, a +0 robe; and the
                  | following spell memorised: Kiss of Death; and the following
                  | spells available to memorise: Vampiric Draining.
     0 | D:1      | Reached XP level 1. HP: 13/13 MP: 2/2
   499 | D:1      | Reached skill level 1 in Short Blades
   501 | D:1      | Reached XP level 2. HP: 12/17 MP: 4/4
   504 | D:1      | Learned a level 1 spell: Necrotise
  1345 | D:2      | Gained mutation: You are in touch with the powers of death.
                  | [Mummy growth]
  1345 | D:2      | Reached XP level 3. HP: 24/24 MP: 5/5
  1484 | D:2      | Learned a level 1 spell: Summon Small Mammal
  2384 | D:3      | Reached XP level 4. HP: 21/30 MP: 4/6
  2871 | D:4      | Slain by a worm

Illustrated notes

Levels and vault maps discovered:
D:1:      dpeg_arrival_ternary, layout_loops_ring
D:2:      layout_basic
D:3:      layout_loops_corners, st_stairs_2
D:4:      layout_basic, lemuel_round_altar, nicolae_dithmenos_shadow_blocks,
          mainiacjoe_overflow_big_doors, cheibrodos_sewer_entry_drain,
          saegor_snake_ambush, uniq_crazy_yiuf_cottage

Skill      XL: |  1  2  3  4 |
---------------+-------------+-----
Short Blades   | 1 2 3 |  3.4
Dodging        | |  1.0
Stealth        | |  3.2
Shields        | |  1.0
Spellcasting   | |  1.3
Necromancy     | |  1.4
Invocations    | |  1.0
Evocations     | |  1.0

Action                     |  1- 3 |  4- 6 || total
---------------------------+-------+-------++-------
  Melee: Dagger            |    57 |     6 ||    63
   Cast: Kiss of Death     |     1 |     4 ||     5
         Necrotise         |    36 |    14 ||    50
         Summon Small Mamm |     2 |     1 ||     3
   Stab: Sleeping          |     3 |       ||     3
 Armour: Robe              |     7 |       ||     7
  Dodge: Dodged            |    26 |     9 ||    35
  Block: Buckler           |    14 |       ||    14

Table legend: (Time is in decaauts)
 A = Elapsed time spent in this place.
 B = Non-inter-level travel time spent in this place.
 C = Inter-level travel time spent in this place.
 D = Time resting spent in this place.
 E = Time spent auto-exploring this place.
 F = Levels seen in this place.
 G = Mean time per level.
                   A        B        C        D        E       F      G
               +--------+--------+--------+--------+--------+-----+--------+
         Total |   2868 |   2713 |    155 |    158 |   2245 |   4 |  717.0 |
       Dungeon |   2868 |   2713 |    155 |    158 |   2245 |   4 |  717.0 |
               +--------+--------+--------+--------+--------+-----+--------+

Top non-repeatable levels by time:
     D:2: 1079 daAuts
     D:3: 1066 daAuts
     D:1: 712 daAuts
     D:4: 10 daAuts
